 Dungeon Crawl Stone Soup version 0.31-a0-524-g2a164cf6a2 (webtiles) character file.

Game seed: 5176851805520483309

156 AdnanSaban the Trooper (level 5, 0/33 HPs)
             Began as a Gargoyle Fighter on Aug 12, 2023.
             Killed from afar by Grinder (2 damage)
             ... with a puff of flame
             ... while paralysed by Grinder
             ... on level 4 of the Dungeon.
             The game lasted 00:03:20 (3034 turns).

AdnanSaban the Trooper (Gargoyle Fighter)           Turns: 3034, Time: 00:03:21

Health: 0/33       AC: 12    Str: 21    XL:     5   Next: 37%
Magic:  5/5        EV:  2    Int:  9    God:
Gold:   194        SH:  0    Dex:  9    Spells: 4/4 levels left

rFire   . . .        a - +0 flail
rCold   . . .        c - +0 buckler
rNeg    + . .        b - +0 scale mail
rPois   ∞            (no helmet)
rElec   +            (no cloak)
rCorr   .            e - +0 pair of gloves
SInv    .            (no boots)
Will    .....        j - amulet of reflection Stlth
                     (no ring)
HPRegen 0.25/turn    (no ring)
MPRegen 0.09/turn

%: reflection
@: paralysed
A: sickness immunity, AC +4, negative energy resistance 1, electricity
resistance, torment resistance 1, petrification resistance
a: no special abilities


You were on level 4 of the Dungeon.
You visited 1 branch of the dungeon, and saw 4 of its levels.

You collected 194 gold pieces.

Inventory:

Hand Weapons
 a - a +0 flail (weapon)
Armour
 b - a +0 scale mail (worn)
 c - a +0 buckler (worn)
 e - a +0 pair of gloves (worn)
Jewellery
 j - an amulet of reflection (around neck)
Wands
 t - a wand of charming (12)
Scrolls
 f - a scroll of fear {unknown}
 g - 2 scrolls of amnesia {unknown}
 i - a scroll of butterflies {unknown}
 k - a scroll of revelation {unknown}
 l - a scroll of poison {unknown}
 n - a scroll of immolation {unknown}
 o - 3 scrolls of identify {unknown}
 p - 2 scrolls of blinking {unknown}
 q - a scroll of teleportation {unknown}
 s - 2 scrolls of vulnerability {unknown}
Potions
 d - a potion of might
 h - 2 potions of ambrosia {unknown}
 m - 2 potions of heal wounds {unknown}
 r - 2 potions of curing {unknown}
 u - a potion of lignification {unknown}
 v - a potion of attraction {unknown}


   Skills:
 + Level 4.2 Fighting
 + Level 3.8 Maces & Flails
 + Level 3.8 Armour
 + Level 0.1 Dodging
 + Level 4.0 Shields


You had 4 spell levels left.
You didn't know any spells.
Your spell library contained the following spells:

 Spells                   Type           Power      Damage    Failure   Level
 Inner Flame              Hex/Fire       0%         N/A       98%         3
 Yara's Violent Unravell  Hex/Tmut       0%         3d3       100%        5
 Enfeeble                 Hex            0%         N/A       100%        7


Dungeon Overview and Level Annotations

Branches:
Dungeon (4/15)             Temple (0/1) D:4

Altars:
Trog

Shops:
D:2 [   D:4 [

Annotations:
D:4 Grinder


Innate Abilities, Weirdness & Mutations

You are immune to sickness and miasma.
Your stone body is resilient. (AC +4)
You are immune to poison.
You resist negative energy. (rN+)
You are resistant to electric shocks. (rElec)
You are resistant to unholy torment.
You are immune to petrification.


Message History

No target in view!
No target in view!
No target in view!
No target in view!
No target in view!
No target in view!
No target in view!
No target in view!
Grinder zaps a wand.
The puff of flame hits you.
Grinder zaps a wand.
The puff of flame hits you. Grinder hits you but does no damage.
You thump Grinder!
Grinder is moderately wounded.
Grinder zaps a wand.
The puff of flame hits you!
You hit Grinder.
Grinder is heavily wounded.
Grinder hits you but does no damage. x2
You barely miss Grinder.
Grinder is heavily wounded.
Grinder hits you!
* * * LOW HITPOINT WARNING * * *
You writhe in agony.
* * * LOW HITPOINT WARNING * * *
You hit Grinder.
Grinder is heavily wounded.
Grinder barely misses you.
Okay, then.
You closely miss Grinder.
Grinder is heavily wounded.
Grinder hits you but does no damage.
You closely miss Grinder.
Grinder is heavily wounded.
You block Grinder's attack. Grinder hits you.
* * * LOW HITPOINT WARNING * * *
You barely miss Grinder.
Grinder is heavily wounded.
Grinder gestures at you.
You suddenly lose the ability to move!
Grinder zaps a wand.
The puff of flame hits you.
You die...

.#.#####..#.##.## ...#
##.........###
...###..........#.##
...#.##............#
..........######.######
.........##§§§§#.#≈§§≈#
.....#..###§§§§#.#≈§§≈#
....##....#≈≈≈§#.#§§≈§#
....#.....#≈≈§##@##§§≈#
....##....#§§≈#.5.#§§§#
...####.###§§≈#.>.#§≈§#
#.## ### #≈§≈#...#§§≈#
### #≈≈≈#####≈§§# #
#≈≈§§§§§§§≈≈# #
#§≈§§§≈≈§§§§#
#≈≈≈≈≈≈§≈≈≈§#


You could see Grinder.

Vanquished Creatures
  Ijyb (D:4)
  4 adders
  2 worms (D:3)
  4 dart slugs
  4 orcs (D:3)
  6 bats
  7 endoplasms
  6 giant cockroaches
  6 hobgoblins
  4 kobolds
  7 quokkas
  8 ball pythons
  3 frilled lizards
  6 goblins
  5 rats
73 creatures vanquished.

Notes
Turn   | Place    | Note
-------+----------+-------------------------------------------
     0 | D:1      | AdnanSaban the Gargoyle Fighter began the quest for the
                  | Orb.
     0 | D:1      | Reached XP level 1. HP: 14/14 MP: 1/1
   147 | D:1      | Reached XP level 2. HP: 19/19 MP: 2/2
   319 | D:1      | Reached XP level 3. HP: 24/24 MP: 3/3
   816 | D:2      | Found Dueriwei's Armour Shoppe.
  1267 | D:2      | You fall into a shaft and drop 2 floors!
  1307 | D:3      | Reached XP level 4. HP: 29/29 MP: 4/4
  1816 | D:3      | Found a bloodstained altar of Trog.
  2007 | D:3      | Found a faded altar of an unknown god.
  2179 | D:3      | Reached XP level 5. HP: 33/33 MP: 5/5
  2448 | D:4      | Noticed Ijyb
  2471 | D:4      | Killed Ijyb
  2587 | D:4      | Found Giehais's Armour Emporium.
  2662 | D:4      | Noticed Grinder
  3021 | D:4      | Found a staircase to the Ecumenical Temple.
  3032 | D:4      | HP: 1/33 [Grinder (3)]
  3033 | D:4      | Paralysed by Grinder for 4 turns
  3034 | D:4      | Killed from afar by Grinder

Illustrated notes

Levels and vault maps discovered:
D:1:      lightli_arrival_boilingwater, layout_basic,
          chequers_serial_rivers_room_b, minmay_indecisive_spiral
D:2:      layout_loops_ring, serial_shops, shop, minmay_misc_feat_chi,
          minmay_tromino_v4_c
D:3:      layout_basic, mainiacjoe_overflow_surrounded_room, serial_rivers,
          chequers_serial_rivers_large_a, chequers_serial_rivers_small_b,
          chequers_serial_rivers_small_b, chequers_serial_rivers_room_b,
          chequers_serial_rivers_marsh, chequers_serial_rivers_room_a,
          hellmonk_ecumenical_altar_inner_sanctum
D:4:      layout_cave_pools, minmay_temple_entry_poolview, serial_shops, shop,
          serial_bayou, serial_bayou_pond_a, serial_bayou_pond_a,
          serial_bayou_lagoon_b, serial_bayou_lagoon_a, serial_bayou_ford_a,
          uniq_grinder, uniq_ijyb

Skill      XL: |  1  2  3  4 |
---------------+-------------+-----
Maces & Flails | 3 |  3.8
Fighting       | 4 |  4.2
Shields        | 4 |  4.0
Armour         | |  3.8
Dodging        | |  0.1

Action                     |  1- 3 |  4- 6 || total
---------------------------+-------+-------++-------
  Melee: Flail             |   104 |   160 ||   264
 Armour: Scale mail        |    48 |    81 ||   129
  Dodge: Dodged            |    31 |    67 ||    98
  Block: Buckler           |    39 |    66 ||   105
         Reflection        |     1 |       ||     1

Table legend: (Time is in decaauts)
 A = Elapsed time spent in this place.
 B = Non-inter-level travel time spent in this place.
 C = Inter-level travel time spent in this place.
 D = Time resting spent in this place.
 E = Time spent auto-exploring this place.
 F = Levels seen in this place.
 G = Mean time per level.
                   A        B        C        D        E       F      G
               +--------+--------+--------+--------+--------+-----+--------+
         Total |   3140 |   3067 |     73 |     50 |   2379 |   4 |  785.0 |
       Dungeon |   3140 |   3067 |     73 |     50 |   2379 |   4 |  785.0 |
               +--------+--------+--------+--------+--------+-----+--------+

Top non-repeatable levels by time:
     D:3: 1031 daAuts
     D:1: 795 daAuts
     D:2: 665 daAuts
     D:4: 647 daAuts
